 Dungeon Crawl Stone Soup version 0.28.0-53-g5a82cb258f (webtiles) character file.

Game seed: 11385301542993968963

21 moldycheese5 the Skirmisher (level 2, -1/36 HPs)
             Began as a Demonspawn Abyssal Knight on June 17, 2022.
             Was a Follower of Lugonu.
             Slain by Sigmund
             ... wielding a +0 scythe
              (4 damage)
             ... on level 2 of the Dungeon.
             The game lasted 00:02:16 (1119 turns).

moldycheese5 the Skirmisher (DsAK)                  Turns: 1119, Time: 00:02:16

Health: -1/36      AC: 21    Str: 13    XL:     2   Next: 62%
Magic:  3/3        EV:  2    Int: 11    God:    Lugonu [*.....]
Gold:   26         SH:  3    Dex: 13    Spells: 1/1 levels left

rFire   . . .      SeeInvis .   a - +1 falchion
rCold   . . .      Faith    .   d - +0 buckler
rNeg    . . .      Spirit   .   (armour currently unavailable)
rPois   +          Reflect  .   (helmet currently unavailable)
rElec   .          Harm     .   (cloak currently unavailable)
rCorr   .          Rampage  .   (gloves currently unavailable)
Will    .....      NoTele   +   (boots currently unavailable)
Stlth   +.........              (no amulet)
HPRegen 0.12/turn               (no ring)
MPRegen 0.08/turn               (no ring)

@: tree-form
A: stationary, stasis, torment immunity, boosted hp, demonic guardian 1
a: Renounce Religion, Depart the Abyss


You were on level 2 of the Dungeon.
You worshipped Lugonu.
Lugonu was aware of your devotion.
You were a tree.
You visited 1 branch of the dungeon, and saw 2 of its levels.
You visited the Abyss 1 time.

You collected 26 gold pieces.

Inventory:

Hand Weapons
 a - a +1 falchion (weapon)
Armour
 b - a +0 leather armour (melded)
 d - a +0 buckler (worn)
Potions
 c - 2 potions of berserk rage {unknown}
 e - a potion of haste {unknown}
 f - 3 potions of lignification


   Skills:
 + Level 3.3 Fighting
 + Level 2.1 Long Blades
 + Level 2.0 Armour
 + Level 1.1 Dodging
 + Level 2.4 Invocations


You had one spell level left.
You didn't know any spells.
Your spell library was empty.

Dungeon Overview and Level Annotations

Branches:
Dungeon (2/15)

Altars:

Shops:
D:1 (

Annotations:
D:2 Sigmund


Innate Abilities, Weirdness & Mutations

You are a tree.
Your roots penetrate the ground, keeping you stationary.
You cannot be teleported.
You are immune to unholy pain and torment.
Your maximum health is greatly increased.
Your equipment is partially melded.
A weak demonic guardian rushes to your aid.


Message History

Your ufetubus closely misses the jackal.
The jackal bites you but does no damage.
The jackal bites you.
Sigmund hits you from afar with a +0 scythe.
Your ufetubus hits the jackal.
Your ufetubus closely misses the jackal.
The jackal closely misses your ufetubus.
The jackal bites you but does no damage.
You closely miss the jackal.
The jackal is almost dead.
Your ufetubus barely misses the jackal. x2
The jackal closely misses your ufetubus.
The jackal bites you.
* * * LOW HITPOINT WARNING * * *
Sigmund hits you from afar with a +0 scythe.
* * * LOW HITPOINT WARNING * * *
Your ufetubus hits the jackal.
The jackal dies!
Lugonu accepts your kill. The jackal closely misses you.
You hit the jackal.
You kill the jackal!
Lugonu accepts your kill. The bat hits you but does no damage.
Your ufetubus misses the bat.
Your ufetubus barely misses the bat.
Your ufetubus hits the bat but does no damage.
Your ufetubus hits the bat. Sigmund closely misses you.
The bat closely misses your ufetubus.
Your ufetubus closely misses the bat.
Your ufetubus misses the bat.
You see here a jackal corpse.
Okay, then.
It was a potion of lignification.
You turn into a tree.
Your +0 leather armour melds into your body.
Your roots penetrate the ground.
Something misses your ufetubus.
Sigmund laughs darkly.
Sigmund hits you from afar with a +0 scythe!
* * * LOW HITPOINT WARNING * * *
Something barely misses your ufetubus.
Sigmund hits you from afar with a +0 scythe.
You die...

#########
.>...<.#
......# .@..
###5# ##.♣.#
##..###
#..## #.##
#.# #.#
###.#
###...#
####...###.#


You could see Sigmund and a friendly ufetubus (summoned).

Vanquished Creatures
  A dart slug (D:1)
  2 endoplasms (D:1)
  A hobgoblin (D:1)
  3 jackals (D:2)
  A kobold (D:1)
  2 ball pythons (D:1)
  2 bats (D:1)
  A frilled lizard (D:1)
  A goblin (D:1)
  A rat (D:1)
15 creatures vanquished.

Vanquished Creatures (collateral kills)
  2 jackals (D:2)
2 creatures vanquished.

Grand Total: 17 creatures vanquished

Notes
Turn   | Place    | Note
-------+----------+-------------------------------------------
     0 | Abyss:1  | moldycheese5 the Demonspawn Abyssal Knight began the quest
                  | for the Orb.
     0 | Abyss:1  | Reached XP level 1. HP: 18/18 MP: 2/2
     0 | D:1      | Escaped the Abyss
    94 | D:1      | Reached * piety under Lugonu
   195 | D:1      | Reached skill level 1 in Dodging
   246 | D:1      | Found Iniple's Weapon Boutique.
   313 | D:1      | Found a faded altar of an unknown god.
   334 | D:1      | Gained mutation: A weak demonic guardian rushes to your
                  | aid. [demonic ancestry]
   334 | D:1      | Reached XP level 2. HP: 24/24 MP: 3/3
  1109 | D:2      | Noticed Sigmund
  1119 | D:2      | Slain by Sigmund

Illustrated notes

Levels and vault maps discovered:
D:1:      onia_arrival_pentagram, layout_loops_ring, basic_ecumenical_altar,
          serial_shops, shop
D:2:      layout_rooms, basic_altar, uniq_sigmund

Skill      XL: |  1 |
---------------+----+-----
Dodging        | 1 |  1.1
Long Blades    | 2 |  2.1
Armour         | 2 |  2.0
Fighting       | |  3.3
Invocations    | |  2.4

Action                   || total
-------------------------++-------
Melee: Falchion          ||    50
Invok: Depart the Abyss  ||     1
  Use: Potion            ||     1
Armor: Leather armour    ||    13
Dodge: Dodged            ||    38
Block: Buckler           ||    10
